 Dungeon Crawl Stone Soup version 0.21.1-1-g345015f (webtiles) character file.

10184 Mesmaeker13 the Fighter (level 11, -44/99 HPs)
             Began as a Demigod Wanderer on Feb 18, 2018.
             Killed from afar by a frost giant (46 damage)
             ... with a bolt of cold
             ... on level 12 of the Dungeon.
             The game lasted 00:23:40 (16887 turns).

Mesmaeker13 the Fighter (Demigod Wanderer)         Turns: 16887, Time: 00:23:41

Health: -44/99     AC: 21    Str: 20    XL:     11   Next: 11%
Magic:  17/17      EV:  6    Int: 16    God:
Gold:   409        SH:  0    Dex: 19    Spells: 10/10 levels left

rFire    . . .     SeeInvis +   q - +0 great sword
rCold    . . .     Gourm    .   (shield currently unavailable)
rNeg     . . .     Faith    .   s - +0 plate armour
rPois    .         Spirit   .   j - +2 helmet
rElec    .         Reflect  .   L - +1 cloak
rCorr    .         Harm     .   r - +0 pair of gloves
MR       +....                  (no boots)
Stlth    ..........             (no amulet)
HPRegen  0.26/turn              E - ring of see invisible
MPRegen  0.15/turn              A - +3 ring of dexterity

@: about to teleport, very slightly contaminated, invisible
A: high mp 1
a: no special abilities


You were on level 12 of the Dungeon.
You were not hungry.

You visited 1 branch of the dungeon, and saw 12 of its levels.

You collected 693 gold pieces.
You spent 284 gold pieces at shops.

Inventory:

Hand Weapons
 k - a +0 blowgun
 q - a +0 great sword (weapon)
Missiles
 l - 58 poisoned needles
 p - 13 tomahawks (quivered)
 D - 2 tomahawks of dispersal
Armour
 j - a +2 helmet (worn)
 r - a +0 pair of gloves (worn)
 s - a +0 plate armour (worn)
 L - a +1 cloak (worn)
Jewellery
 y - an uncursed ring of wizardry
 A - a +3 ring of dexterity (right hand)
 E - a ring of see invisible (left hand)
Wands
 a - a wand of paralysis (23)
 z - a wand of acid (12)
 B - a wand of iceblast (5)
Scrolls
 e - 5 scrolls of teleportation
 g - 3 scrolls of amnesia
 i - 3 scrolls of enchant weapon
 n - 4 scrolls of fear
 t - a scroll of blinking {unknown}
 x - 3 scrolls of remove curse
 C - 3 scrolls of magic mapping {unknown}
 M - a scroll of immolation {unknown}
Potions
 b - 3 potions of curing
 h - a potion of mutation {unknown}
 o - a potion of haste {unknown}
 u - a potion of heal wounds
 w - a potion of berserk rage {unknown}
 F - a potion of brilliance
 H - a potion of resistance
 I - 2 potions of ambrosia {unknown}
Books
 f - a book of Misfortune

   Spells                             Type                      Level
   a - Confusing Touch                Hexes                        1
   b - Confuse                        Hexes                        3
   c - Gell's Gravitas                Translocation                3
   d - Petrify                        Transmutation/Earth          4
   e - Metabolic Englaciation         Hexes/Ice                    5
   f - Yara's Violent Unravelling     Hexes/Transmutation          5
 v - a book of Frost

   Spells                             Type                      Level
   a - Freeze                         Ice                          1
   b - Throw Frost                    Conjuration/Ice              2
   c - Ozocubu's Armour               Charms/Ice                   3
   d - Throw Icicle                   Conjuration/Ice              4
   e - Summon Ice Beast               Ice/Summoning                4
 G - a book of Geomancy

   Spells                             Type                      Level
   a - Sandblast                      Earth                        1
   b - Passwall                       Transmutation/Earth          2
   c - Stone Arrow                    Conjuration/Earth            3
   d - Petrify                        Transmutation/Earth          4
   e - Lee's Rapid Deconstruction     Earth                        5
 J - a book of Minor Magic

   Spells                             Type                      Level
   a - Magic Dart                     Conjuration                  1
   b - Blink                          Translocation                2
   c - Call Imp                       Summoning                    2
   d - Slow                           Hexes                        2
   e - Conjure Flame                  Conjuration/Fire             3
   f - Mephitic Cloud                 Conjuration/Poison/Air       3
 K - a book of Power

   Spells                             Type                      Level
   a - Iskenderun's Battlesphere      Conjuration/Charms           5
   b - Venom Bolt                     Conjuration/Poison           5
   c - Bolt of Magma                  Conjuration/Fire/Earth       5
   d - Iron Shot                      Conjuration/Earth            6
   e - Orb of Destruction             Conjuration                  7
   f - Spellforged Servitor           Conjuration/Summoning        7
Comestibles
 d - 27 rations


   Skills:
 + Level 10.0 Fighting
 + Level 9.3 Long Blades
 + Level 9.5 Armour
 - Level 1.0 Stealth
 + Level 3.9 Evocations


You had 10 spell levels left.
You didn't know any spells.

Dungeon Overview and Level Annotations

Branches:
Dungeon (12/15)            Temple (0/1) D:4            Lair (0/6) D:10
    Orc: D:9-12

Shops:
D:8 *   D:11 [


Innate Abilities, Weirdness & Mutations

You have an increased reservoir of magic. (+10% MP)


Message History

* * * LOW HITPOINT WARNING * * *
The polar bear claws you but does no damage.
The polar bear completely misses you.
You fade into invisibility!
The polar bear barely misses you.
The polar bear claws you but does no damage. x2
You are very lightly contaminated with residual magic.
You feel much better.
The polar bear bites you but does no damage.
The polar bear barely misses you.
The polar bear claws you but does no damage.
As you read the scroll of teleportation, it crumbles to dust.
You feel strangely unstable.
The frost giant points at you and mumbles some strange words.
The bolt of cold hits you!
* * * LOW HITPOINT WARNING * * *
The polar bear rages.
The frost giant casts a spell at you. The bolt of cold hits you!
You die...

#... (....#.#
#.#
##.#.#.####.#
#.# . ......
#.# #.# # .
.###.###.#
.........##
..^.......#
#.#######.#
...# #.#
.8..# #@#
...# #.# #..#
#.# #..##C#
[8.#...#h#
#:.Y.8..Y#
8/8.#...###
k.. #..## #
#..#


You could see a frost giant, a polar bear (berserk) and an ice beast.

Vanquished Creatures
  A two-headed ogre (D:10)
  An unseen horror (D:10)
  Psyche (D:7)
  Maurice (D:8)
  2 rime drakes (D:12)
  3 trolls
  Prince Ribbit (D:7)
  A hippogriff (D:7)
  8 yaks
  Eustachio (D:4)
  4 hogs (D:7)
  A human (D:7)
  A water moccasin (D:10)
  3 sky beasts
  3 ice beasts
  2 black bears
  A phantom (D:7)
  2 orc warriors
  The ghost of anp the Skirmisher, an amateur DsMo of Vehumet (D:3)
  A necrophage (D:11)
  5 ogres
  2 wolves (D:10)
  4 centaurs
  A big kobold (D:11)
  4 bullfrogs
  A water moccasin zombie (D:11)
  5 scorpions
  4 killer bees
  4 wights (D:9)
  3 electric eels (D:10)
  A howler monkey (D:5)
  A crimson imp (D:7)
  Crazy Yiuf (D:4)
  2 jellies
  11 hounds
  7 orc wizards
  5 orc priests
  2 centaur skeletons (D:9)
  A bullfrog skeleton (D:9)
  A gnoll shaman (D:6)
  2 iguanas
  Natasha (twice) (D:4)
  9 worker ants
  2 hound skeletons
  Robin (D:2)
  5 gnolls (D:6)
  11 adders
  3 shadow imps
  2 oozes (D:3)
  3 adder skeletons
  2 worms
  2 dart slugs (D:1)
  9 leopard geckos
  35 orcs
  A ball python (D:3)
  12 bats
  5 giant cockroaches
  19 goblins
  15 hobgoblins
  16 jackals
  6 quokkas
  6 frilled lizards
  A jackal skeleton (D:7)
  17 kobolds
  A leopard gecko skeleton (D:7)
  A quokka skeleton (D:7)
  A quokka zombie (D:5)
  4 rats
297 creatures vanquished.

Notes
Turn   | Place    | Note
-------+----------+-------------------------------------------
     0 | D:1      | Mesmaeker13 the Demigod Wanderer began the quest for the Orb.
     0 | D:1      | Mesmaeker13 set off with: a wand of paralysis (15), a +0 falchion, a +0 ring mail, a ration
     0 | D:1      | Reached XP level 1. HP: 19/19 MP: 4/4
   230 | D:1      | Reached XP level 2. HP: 24/27 MP: 5/5
   705 | D:2      | Reached skill level 4 in Fighting
   705 | D:2      | Reached XP level 3. HP: 26/33 MP: 6/6
   980 | D:2      | Noticed Robin
  1163 | D:2      | Killed Robin
  1390 | D:2      | Reached XP level 4. HP: 36/40 MP: 7/7
  2187 | D:3      | Reached XP level 5. HP: 37/47 MP: 8/8
  2718 | D:3      | Noticed anp's ghost (amateur DsMo)
  3313 | D:4      | Found a runed door.
  3868 | D:4      | Noticed Natasha
  3880 | D:4      | HP: 1/47 [Natasha (8)]
  3885 | D:4      | Killed Natasha
  3885 | D:4      | Reached XP level 6. HP: 4/55 MP: 10/10
  3895 | D:4      | Reached skill level 5 in Fighting
  4365 | D:4      | Noticed Natasha
  4381 | D:4      | Killed Natasha
  4638 | D:4      | Noticed Eustachio
  4669 | D:4      | Killed Eustachio
  4871 | D:4      | Found a staircase to the Ecumenical Temple.
  4984 | D:4      | Noticed Crazy Yiuf
  4998 | D:4      | Killed Crazy Yiuf
  5074 | D:5      | Entered Level 5 of the Dungeon
  5083 | D:5      | Reached XP level 7. HP: 55/61 MP: 11/11
  6080 | D:3      | Killed anp's ghost
  6080 | D:3      | Reached skill level 6 in Fighting
  6080 | D:3      | Reached skill level 5 in Armour
  6249 | D:3      | Found a deep blue altar of Sif Muna.
  6498 | D:6      | Found an iron altar of Okawaru.
  6731 | D:6      | Reached skill level 5 in Long Blades
  6739 | D:6      | Reached XP level 8. HP: 28/71 MP: 12/12
  7881 | D:6      | Reached skill level 7 in Fighting
  9256 | D:7      | Noticed a hippogriff
  9265 | D:7      | Killed a hippogriff
  9265 | D:7      | Reached XP level 9. HP: 58/79 MP: 13/13
  9678 | D:7      | Reached skill level 8 in Fighting
 10049 | D:8      | Found Taiskis's General Store.
 10052 | D:8      | Bought a scroll of identify for 22 gold pieces
 10143 | D:8      | Found a snail-covered altar of Cheibriados.
 10207 | D:8      | Noticed Prince Ribbit
 10871 | D:8      | Noticed Maurice
 10905 | D:8      | Killed Maurice
 10961 | D:8      | Noticed Psyche
 10961 | D:8      | Noticed a two-headed ogre
 11031 | D:7      | Killed Psyche
 11560 | D:7      | Killed Prince Ribbit
 12319 | D:9      | Reached XP level 10. HP: 90/90 MP: 14/14
 12423 | D:8      | Reached skill level 9 in Fighting
 13375 | D:10     | Entered Level 10 of the Dungeon
 13721 | D:10     | Noticed a two-headed ogre
 13732 | D:10     | Killed a two-headed ogre
 14444 | D:10     | Found a staircase to the Lair.
 14687 | D:10     | Found a sparkling altar of Nemelex Xobeh.
 14994 | D:10     | Noticed an unseen horror
 15007 | D:10     | Killed an unseen horror
 16312 | D:11     | Reached XP level 11. HP: 78/99 MP: 17/17
 16348 | D:11     | Reached skill level 10 in Fighting
 16674 | D:11     | Found Tucs's Antique Armour Shop.
 16677 | D:11     | Bought an embroidered cloak for 262 gold pieces
 16874 | D:12     | Noticed a frost giant
 16886 | D:12     | HP: 2/99 [frost giant/bolt of cold (32)]
 16887 | D:12     | Killed from afar by a frost giant

Skill      XL: |  1  2  3  4  5  6  7  8  9 10 11 |
---------------+----------------------------------+-----
Armour         | 2 3 4 5 6 8 9 |  9.5
Fighting       | 4 5 6 7 8 9 10 | 10.0
Long Blades    | 2 3 4 5 6 8 9 |  9.3
Evocations     | 3 |  3.9
Stealth        | |  1.0

Action                   |  1- 3 |  4- 6 |  7- 9 | 10-12 || total
-------------------------+-------+-------+-------+-------++-------
Melee: Falchion          |   147 |   313 |    41 |       ||   501
       Great sword       |       |       |   462 |   244 ||   706
 Fire: Blowgun           |       |       |    19 |       ||    19
Evoke: Wand              |     1 |     2 |     5 |    13 ||    21
  Use: Scroll            |     4 |     1 |     5 |     4 ||    14
       Potion            |       |     2 |     2 |     2 ||     6
 Stab: Paralysed         |     5 |    10 |       |     4 ||    19
       Sleeping          |     1 |     1 |       |       ||     2
  Eat: Chunk             |     2 |    12 |    17 |     8 ||    39
       Ration            |       |       |     2 |     2 ||     4
Armor: Ring mail         |    98 |   157 |    24 |       ||   279
       Plate armour      |       |       |   459 |   252 ||   711
Dodge: Dodged            |   113 |   191 |   144 |   107 ||   555
       Rpst.: Falchion   |    34 |    63 |     7 |       ||   104
       Great sword       |       |       |    40 |    37 ||    77
